Map: [ESL] Inside and Out

Players

Astrea - Winner!

  • Race: Protoss Protoss
  • Spawn Location: 1:00

Neeb

  • Race: Protoss Protoss
  • Spawn Location: 7:00

Event: DreamHack SC2 Masters 2022 Atlanta (Online)

VOD

Have the link to the VOD?

Description

Time

  • Played on: Oct. 16, 2022, 5:09 p.m.
  • Length: 5:27

All games in this series

Show
View Real Time Build Order
Export as new Build Order

Astrea Protoss - Winner!

Build Orders:  

Get SALT Encoding   

  12  0:00  Probe  
  13  0:12  Probe  
  14  0:17  Pylon  
  14  0:24  Probe (Chrono Boost)  
  15  0:37  Probe (Chrono Boost)  
  15  0:38  Gateway  
  16  0:44  Probe (Chrono Boost)  
  16  0:46  Assimilator  
  17  0:51  Probe  
  18  1:03  Probe  
  19  1:15  Probe  
  20  1:25  Cybernetics Core  
  20  1:27  Probe  
  21  1:40  Probe  
  21  1:41  Pylon  
  21  1:46  Nexus  
  22  1:52  Probe  
  23  2:00  Stalker (Chrono Boost)  
  23  2:01  Warp Gate  
  23  2:05  Probe  
  26  2:09  Shield Battery  
  26  2:18  Probe  
  26  2:21  Stalker (Chrono Boost)  
  29  2:30  Probe  
  29  2:34  Shield Battery  
  30  2:42  Probe  
  31  2:57  Gateway, Stalker  
  31  2:58  Probe  
  34  3:02  Shield Battery, Probe  
  35  3:10  Probe  
  35  3:12  Gateway  
  36  3:16  Probe  
  37  3:21  Pylon  
  37  3:22  Shield Battery  
  37  3:23  Probe  
  37  3:29  Probe  
  37  3:34  Pylon  
  38  3:35  Probe  
  38  3:38  Assimilator  
  39  3:46  Probe  
  40  3:54  Probe  
  40  3:55  Adept x2  
  45  3:58  Probe  
  46  4:02  Gateway  
  46  4:06  Probe  
  47  4:11  Probe  
  47  4:12  Stalker  
  47  4:14  Pylon  
  50  4:22  Stalker x2  
  54  4:26  Probe  
  54  4:30  Probe  
  52  4:36  Stalker, Pylon  
  52  4:37  Assimilator  
  54  4:38  Probe  
  54  4:42  Probe  
  56  4:46  Stalker x2  
  56  4:51  Probe  
  61  4:53  Twilight Council  
  61  4:57  Stalker  
  61  4:59  Assimilator  
  63  5:08  Stalker  
  63  5:11  Stalker  
Show
View Real Time Build Order
Export as new Build Order

Neeb Protoss 

Build Orders: Oracle Opening 

Get SALT Encoding   

  12  0:00  Probe  
  13  0:12  Probe  
  14  0:18  Pylon  
  14  0:24  Probe  
  15  0:36  Gateway, Probe (Chrono Boost)  
  16  0:47  Probe (Chrono Boost), Assimilator  
  17  0:52  Probe (Chrono Boost)  
  18  1:03  Probe (Chrono Boost)  
  19  1:04  Assimilator  
  19  1:06  Pylon  
  20  1:12  Probe (Chrono Boost)  
  20  1:17  Probe (Chrono Boost)  
  20  1:23  Cybernetics Core  
  21  1:29  Probe  
  22  1:33  Zealot  
  24  1:41  Probe  
  25  1:50  Assimilator  
  26  1:59  Stargate  
  26  2:01  Adept (Chrono Boost)  
  26  2:06  Pylon  
  27  2:13  Probe  
  28  2:24  Shield Battery  
  28  2:27  Probe  
  28  2:29  Adept  
  30  2:39  Probe  
  30  2:42  Oracle  
  32  3:02  Nexus  
  33  3:18  Pylon  
  32  3:32  Twilight Council  
  32  3:33  Oracle (Chrono Boost)  
  32  3:34  Warp Gate  
  32  3:36  Probe  
  36  3:48  Probe  
  36  3:50  Gateway  
  35  3:56  Shield Battery  
  35  3:58  Stalker  
  35  4:02  Probe  
  38  4:14  Probe  
  39  4:20  Probe  
  37  4:26  Probe  
  36  4:32  Probe  
  37  4:41  Probe  
  38  4:46  Shield Battery  
  38  4:54  Probe  
  38  4:56  Stalker  
  38  4:59  Probe  
Tags
 
Add a new tag
Caveats
  • Supply blocks, unpowered buildings, or Contaminate may cause inaccurate times.
  • Supply counts are checked every 10 seconds.